AoeStats
← ska_18

Black Forest

508222363Analyzed
3v3 RM · 10d ago on Sep 21, 2026· 70m 49s· 6 players
Game mode
Random Map
Map size
Normal (6 player)
Population
200
Speed
Normal
Resources
Standard
Victory
Conquest
Starting age
Dark Age
Ending age
Imperial Age
RankedLock teamsTeams togetherTeam positionsShared explorationLock speedFull tech treeHidden civsTurbo modeCheats
Victory
Defeat
🇨🇭 Goths · Switzerland
1001
+20
🇦🇹 Saracens · Austria
916
+23
🇪🇸 Khmer · Spain
810
+27
🇦🇺 Spanish · Australia
1094
-24
🇦🇺 Persians · Australia
1072
-23
🇦🇺 Bulgarians · Australia
1072
-23
ska_18
1:10 Loom
13:29 Feudal Age
19:21 Castle Age
17:11 Double-Bit Axe
17:40 Horse Collar
17:41 Fishing Lines
22:11 Wheelbarrow
21:34 Gillnets
22:55 Bow Saw
22:52 Gold Mining
22:54 Stone Mining
24:28 Hand Cart
26:01 Town Watch
26:17 Heavy Plow
26:53 Gold Shaft Mining
29:06 Scale Barding Armor
29:11 Forging
28:52 Fletching
29:46 Town Patrol
31:35 Iron Casting
31:20 Chain Barding Armor
34:52 Imperial Age
33:47 Bodkin Arrow
34:06 Bimaristan
34:18 Sanctity
34:09 Fervor
34:10 Caravan
34:40 Coinage
33:57 Treadmill Crane
34:13 Murder Holes
34:31 Fortified Wall
34:57 Masonry
36:38 Chemistry
35:51 Masonry
35:02 Elite Mameluke
36:03 Conscription
36:16 Bloodlines
36:06 Husbandry
35:27 Light Cavalry
37:21 Two-Man Saw
38:23 Plate Barding Armor
38:49 Blast Furnace
38:28 Hoardings
38:44 Bracer
39:13 Siege Engineers
38:30 Hussar
47:51 Banking
49:19 Herbal Medicine
shooaa
9:01 Loom
11:53 Feudal Age
16:52 Castle Age
14:47 Double-Bit Axe
14:57 Horse Collar
23:24 Fishing Lines
24:42 Heavy Plow
24:54 Bow Saw
24:42 Gold Mining
24:42 Stone Mining
26:56 Gillnets
31:55 Forging
31:45 Scale Mail Armor
31:50 Scale Barding Armor
31:46 Padded Archer Armor
31:36 Fletching
31:09 Pikeman
31:50 Squires
31:10 Man-at-Arms
32:28 Wheelbarrow
34:33 Imperial Age
32:53 Caravan
34:17 Hand Cart
33:25 Long Swordsman
34:08 Anarchy
34:46 Iron Casting
34:26 Chain Mail Armor
34:31 Chain Barding Armor
34:16 Light Cavalry
35:07 Bloodlines
34:57 Husbandry
35:43 Perfusion
35:13 Two-Handed Swordsman
36:04 Halberdier
38:18 Conscription
41:05 Blast Furnace
42:20 Champion
51:51 Elite Huskarl
52:57 Ballistics
53:37 Chemistry
54:57 Two-Man Saw
54:30 Crop Rotation
54:11 Bodkin Arrow
54:31 Leather Archer Armor
59:38 Bracer
60:09 Ring Archer Armor
70:00 Ring Archer Armor
fmromerocarmona
0:45 Loom
14:01 Feudal Age
14:27 Double-Bit Axe
14:40 Horse Collar
19:35 Castle Age
19:39 Wheelbarrow
22:09 Bow Saw
27:08 Heavy Plow
28:51 Town Watch
29:50 Coinage
29:21 Caravan
33:33 Imperial Age
31:42 Gold Mining
31:42 Stone Mining
31:45 Fletching
33:09 Bodkin Arrow
33:38 Ballistics
33:14 Murder Holes
34:12 Gold Shaft Mining
34:12 Stone Shaft Mining
34:38 Bracer
35:42 Chemistry
34:53 Masonry
36:04 Banking
37:58 Double Crossbow
39:08 Siege Engineers
39:03 Heavy Scorpion
46:13 Crop Rotation
69:11 Architecture
Hawk9710
3:28 Loom
13:46 Feudal Age
14:40 Double-Bit Axe
14:45 Horse Collar
18:56 Castle Age
18:54 Forging
21:06 Bow Saw
22:16 Heavy Plow
22:11 Stone Mining
29:01 Stone Shaft Mining
28:18 Gold Mining
29:21 Iron Casting
28:54 Scale Barding Armor
28:51 Scale Mail Armor
31:49 Imperial Age
29:57 Wheelbarrow
29:25 Town Watch
30:22 Bloodlines
30:13 Husbandry
31:58 Chain Barding Armor
31:54 Chain Mail Armor
32:25 Hand Cart
33:09 Stirrups
34:19 Blast Furnace
33:55 Plate Barding Armor
33:53 Plate Mail Armor
33:47 Conscription
35:15 Fletching
35:50 Ballistics
35:26 Murder Holes
34:57 Elite Konnik
35:25 Gambesons
35:41 Squires
35:30 Arson
37:39 Crop Rotation
37:49 Gold Shaft Mining
37:28 Bagains
37:49 Caravan
37:20 Pikeman
38:00 Halberdier
39:21 Town Patrol
40:36 Bodkin Arrow
40:52 Siege Engineers
41:01 Masonry
45:46 Bracer
50:37 Padded Archer Armor
50:39 Elite Skirmisher
51:29 Thumb Ring
52:00 Architecture
52:31 Chemistry
T!ts-Ron
2:42 Loom
14:59 Feudal Age
21:47 Gold Mining
21:48 Stone Mining
21:42 Horse Collar
21:52 Double-Bit Axe
26:16 Castle Age
28:49 Caravan
29:35 Gold Shaft Mining
29:36 Stone Shaft Mining
29:19 Heavy Plow
29:37 Bow Saw
31:34 Scale Barding Armor
31:29 Scale Mail Armor
31:40 Forging
31:21 Fletching
31:32 Padded Archer Armor
31:33 Murder Holes
31:59 Ballistics
31:32 Heated Shot
31:54 Masonry
32:09 Guard Tower
37:47 Imperial Age
37:36 Town Watch
38:26 Citadels
38:37 Conscription
38:18 Kamandaran
38:56 Hoardings
37:52 Sappers
40:00 Wheelbarrow
40:37 Two-Man Saw
42:41 Elite War Elephant
45:20 Chain Mail Armor
47:08 Chemistry
46:39 Architecture
46:33 Chain Barding Armor
46:44 Plate Mail Armor
46:33 Leather Archer Armor
46:26 Husbandry
46:04 Light Cavalry
46:59 Cavalier
47:50 Bloodlines
47:01 Hussar
50:04 Hand Cart
49:50 Town Patrol
49:55 Bodkin Arrow
50:31 Ring Archer Armor
50:37 Plate Barding Armor
51:34 Elite Skirmisher
51:36 Crossbowman
52:22 Thumb Ring
52:43 Parthian Tactics
51:39 Heavy Cavalry Archer
54:42 Savar
56:38 Iron Casting
55:39 Pikeman
56:20 Squires
56:06 Arson
55:42 Man-at-Arms
56:08 Gambesons
FlankTank
10:53 Feudal Age
11:22 Double-Bit Axe
11:20 Horse Collar
16:36 Castle Age
18:07 Bow Saw
21:49 Loom
22:42 Heavy Plow
26:08 Wheelbarrow
25:58 Fishing Lines
26:05 Town Watch
30:03 Imperial Age
27:44 Scale Barding Armor
27:50 Forging
28:48 Ballistics
29:29 Hand Cart
28:59 Town Watch
29:41 Masonry
30:05 Husbandry
30:15 Bloodlines
30:12 Caravan
30:22 Gold Mining
30:24 Stone Mining
31:05 Chain Barding Armor
31:21 Iron Casting
30:09 Cavalier
31:54 Chemistry
31:17 Conscription
32:06 Two-Man Saw
30:52 Capped Ram
32:46 Architecture
33:18 Plate Barding Armor
33:44 Blast Furnace
33:54 Hoardings
33:04 Paladin
33:59 Siege Ram
34:42 Fletching
38:10 Supremacy
38:26 Bodkin Arrow
38:31 Padded Archer Armor
38:35 Murder Holes
40:29 Scale Mail Armor
40:45 Leather Archer Armor
40:30 Bracer
40:39 Squires
39:59 Pikeman
41:41 Chain Mail Armor
41:30 Bracer
42:00 Ring Archer Armor
40:57 Halberdier
41:28 Light Cavalry
41:58 Elite Skirmisher
42:47 Arson
43:35 Plate Mail Armor
42:35 Hussar
44:02 Thumb Ring
51:19 Coinage
51:00 Guilds
52:39 Sappers
56:16 Arson
66:40 Inquisition
Connection lost

Rejoining the realm…

Still unreachable

The connection could not be restored.

Session expired

The server has moved on; the page needs a fresh start.